 Dungeon Crawl Stone Soup version 0.19.0 (webtiles) character file.

56928 bombasticus the Bludgeoner (level 14, -20/298 HPs)
             Began as a Minotaur Berserker on Nov 20, 2016.
             Was the Champion of Trog.
             Killed from afar by an ice statue (42 damage)
             ... with a shard of ice
             ... in an ice cave.
             The game lasted 01:22:00 (20901 turns).

bombasticus the Bludgeoner (Minotaur Berserker)    Turns: 20901, Time: 01:22:01

Health: -20/298    AC: 27    Str: 31    XL:     14   Next: 43%
Magic:  13/13      EV:  2    Int:  4    God:    Trog [******]
Gold:   1875       SH:  0    Dex: 17    Spells: 0 memorised, 13 levels left

rFire  + . .     SeeInvis .     (no weapon)
rCold  . . .     Gourm    .     (armour currently unavailable)
rNeg   + + +     Faith    .     (no shield)
rPois  +         Spirit   .     (helmet currently unavailable)
rElec  .         Reflect  .     (cloak currently unavailable)
rCorr  .         Harm     .     (gloves currently unavailable)
MR     +....     Clarity  +     (boots currently unavailable)
Stlth  .......... NoTele   +    (no amulet)
                                d - ring of positive energy
                                k - ring of Mioc {+Fly rF+ Dex+2}

@: berserking, tree-form, very quick
A: (retaliatory headbutt), (horns 0), agile 2, blurry vision 1, clarity, sense
surroundings 1
a: Berserk, Trog's Hand, Brothers in Arms, Burn Spellbooks, Renounce Religion


You were in an ice cave.
You worshipped Trog.
Trog was exalted by your worship.
You were hungry.
You were a tree.
You visited 3 branches of the dungeon, and saw 17 of its levels.
You also visited: Labyrinth and Ice Cave.

You collected 2159 gold pieces.
You spent 284 gold pieces at shops.

Inventory:

Hand Weapons
 z - the +10 great mace "Foadow" {antimagic, rPois Str+4}
   (Trog gifted it to you on level 13 of the Dungeon)

   It reduces the magical energy of the wielder, and disrupts the spells and
   magical abilities of those hit.
   Natural abilities and divine invocations are not affected.
   It affects your strength (+4).
   It protects you from poison.
 M - a +4 mace of crushing
Armour
 a - a +1 pair of boots (melded)
 t - a +2 hat
 B - the +0 plate armour of Analysis (melded) {rF+ Str+3}
   (You found it on level 4 of the Dungeon)

   It affects your strength (+3).
   It protects you from fire.
 Q - the +0 hat of Altruism {rF+ SInv Stlth-}
   (You found it on level 9 of the Dungeon)

   It protects you from fire.
   It lets you see invisible.
   It makes you less stealthy.
 S - the +0 hat of the Beginning (melded) {rElec Dex+3}
   (You found it on level 9 of the Dungeon)

   It affects your dexterity (+3).
   It insulates you from electricity.
 Y - a +2 cloak (melded)
Jewellery
 d - a ring of positive energy (right branch)
 k - the ring of Mioc (left branch) {+Fly rF+ Dex+2}
   (You found it in a labyrinth)

   [ring of dexterity]

   It affects your dexterity (+2).
   It protects you from fire.
   It lets you fly.
 l - an uncursed ring of protection from magic
 w - an uncursed ring of protection from cold
Wands
 h - a wand of acid (0/15)
 j - a wand of flame (11/48)
 C - a wand of flame (17/48)
 E - a wand of slowing (18/48)
 K - a wand of flame (30/48)
 O - a wand of enslavement (11/24)
 P - a wand of paralysis (4/24)
 Z - a wand of slowing (17/48)
Scrolls
 e - a scroll of blinking {unknown}
 f - 3 scrolls of fog
 q - 7 scrolls of magic mapping
 r - 4 scrolls of remove curse
 x - 3 scrolls of teleportation
 y - 5 scrolls of fear
 A - a scroll of torment {unknown}
 G - 3 scrolls of enchant armour
 H - a scroll of summoning {unknown}
 J - a scroll of immolation {unknown}
 N - a scroll of recharging {unknown}
 V - a scroll of vulnerability {unknown}
 W - 2 scrolls of enchant weapon
Potions
 b - a potion of invisibility {unknown}
 g - 2 potions of cure mutation
 m - 2 potions of mutation
 n - 2 potions of ambrosia
 p - 3 potions of curing
 s - a potion of cancellation {unknown}
 D - a potion of lignification
 F - a potion of agility {unknown}
 L - a potion of flight {unknown}
 R - a potion of haste {unknown}
 T - a potion of might {unknown}
 U - a potion of beneficial mutation {unknown}
Comestibles
 c - 11 bread rations
 i - 9 meat rations
 u - 2 fruits


   Skills:
 + Level 14.4 Fighting
   Level 10.9 Long Blades
 + Level 16.9 Maces & Flails
 + Level 15.5 Armour
 + Level 5.2 Dodging
 + Level 2.8 Stealth
 + Level 0.6 Evocations


You had 13 spell levels left.
You didn't know any spells.

Dungeon Overview and Level Annotations

Branches:
Dungeon (13/15)            Temple (0/1) D:4            Lair (2/6) D:9
    Orc (2/2) D:10            Elf (0/3) Orc:2        Vaults (0/5) D:13
  Swamp: Lair:2-4    Shoals: Lair:2-4     Snake: Lair:2-4    Spider: Lair:2-4

Altars:
Hepliaklqana
Trog
Beogh

Shops:
D:7 [   D:9 ?*[   Orc:2 *=(*[

Annotations:
IceCv exclusion: 3 ice statues


Innate Abilities, Weirdness & Mutations

((You reflexively headbutt those who attack you in melee.))
((You have a pair of horns on your head.))
You are very agile. (Dex +4)
Scrolls take you a little longer to read.
You possess an exceptional clarity of mind.
You passively map a small area around you.


Message History

You feel yourself moving faster!
You feel mighty!
You are feeling hungry.
The ice beast hits you but does no damage.
The ice beast hits you.
* * * LOW HITPOINT WARNING * * *
The ice beast freezes you!
* * * LOW HITPOINT WARNING * * *
The ice beast hits you but does no damage. x3
You smack the ice beast!
The ice beast is moderately wounded.
The ice beast hits you but does no damage.
You smack the ice beast!
The ice beast is almost dead.
The ice beast barely misses you.
The ice beast hits you but does no damage. x4
You hit the ice beast.
You kill the ice beast!
The ice statue gestures at you.
Helpless, you fail to dodge the shard of ice.
You die...

###8###
##.....##
##.......##
#.........#
#.........#
#..Y......#
#.YYY.....#
#8.♣YY...8#
#####.#####
#([...÷.))#
#.........#
#........)#
#.........#
#.........#
##.......##
##.....##


You could see 3 ice statues and 6 ice beasts.

Vanquished Creatures
  Gastronok (D:9)
  2 orc warlords (Orc:2)
  A minotaur (Lab)
  3 hydras
  3 vault guards (D:13)
  2 centaur warriors (D:13)
  A death knight (D:13)
  An orc high priest (Orc:2)
  The ghost of Kave the Ruffian, a novice TrTm (D:8)
  An unseen horror (D:13)
  6 skeletal warriors (D:13)
  8 hill giants
  A phantasmal warrior (D:13)
  5 orc knights
  3 cyclopes
  3 deep elf magi
  A manticore (D:8)
  6 ugly things
  5 orc sorcerers
  A centaur zombie (D:13)
  Maurice (D:9)
  3 centaur skeletons
  The ghost of Neverdly the Chopper, a novice FoFi (D:4)
  A gargoyle (D:13)
  A yaktaur (D:13)
  2 spiny frogs
  3 komodo dragons (Lair:2)
  A merfolk (D:9)
  6 trolls
  A two-headed ogre (Orc:1)
  5 blink frogs (Lair:1)
  A hippogriff (Lair:1)
  Prince Ribbit (D:7)
  A shadow (D:11)
  2 wyverns
  18 yaks
  A human (D:13)
  A basilisk (Lair:1)
  5 vampire mosquitoes
  13 hungry ghosts
  Menkaure (D:5)
  4 wargs
  Duvessa (D:6)
  A porcupine (Lair:1)
  6 water moccasins
  11 ice beasts
  3 sky beasts
  A swamp drake (D:9)
  38 orc warriors
  A black bear (D:8)
  18 ogres
  An ogre (shapeshifter) (D:13)
  4 necrophages
  A phantom (D:9)
  2 eyes of draining
  A wolf (Lair:2)
  7 centaurs
  A big kobold (D:12)
  9 bullfrogs
  Dowan (D:6)
  A wyvern zombie (D:13)
  A scorpion (D:7)
  9 killer bees
  9 wights
  4 howler monkeys
  An electric eel (D:7)
  4 crimson imps
  3 bullfrog zombies
  A quasit (D:12)
  33 orc wizards
  4 hounds
  24 orc priests
  2 bullfrog skeletons
  10 iguanas
  An iron imp (D:9)
  Terence (D:3)
  9 worker ants
  A hound zombie (D:7)
  A hound skeleton (D:9)
  A howler monkey zombie (D:8)
  13 adders
  7 river rats (D:9)
  2 shadow imps (D:9)
  A white imp (D:9)
  An ooze (D:3)
  2 worms (D:4)
  An adder skeleton (D:8)
  10 dart slugs
  4 leopard geckos
  104 orcs
  2 ball pythons
  4 giant cockroaches
  8 goblins
  5 hobgoblins
  14 jackals
  4 quokkas
  14 bats
  6 frilled lizards
  11 kobolds
  A leopard gecko skeleton (D:5)
  2 quokka skeletons
  A quokka zombie (D:5)
  19 rats
591 creatures vanquished.

Vanquished Creatures (collateral kills)
  A vault guard (D:13)
  An ogre mage (D:13)
  2 orc knights
  A centaur zombie (D:12)
  A troll (D:12)
  An orc warrior (D:8)
  An ogre (D:12)
  An iguana (D:8)
  5 orcs
14 creatures vanquished.

Vanquished Creatures (others)
  A wizard (D:10)
  3 fungi
4 creatures vanquished.

Grand Total: 609 creatures vanquished

Notes
Turn   | Place    | Note
-------+----------+-------------------------------------------
     0 | D:1      | bombasticus the Minotaur Berserker began the quest for the Orb.
     0 | D:1      | Reached XP level 1. HP: 19/19 MP: 0/0
   208 | D:1      | Reached XP level 2. HP: 19/27 MP: 1/1
   658 | D:1      | Reached ** piety under Trog
   865 | D:2      | Reached XP level 3. HP: 33/33 MP: 2/2
  1301 | D:3      | Reached XP level 4. HP: 41/41 MP: 3/3
  1559 | D:3      | Reached skill level 5 in Long Blades
  1559 | D:3      | Reached XP level 5. HP: 42/47 MP: 4/4
  1629 | D:3      | Noticed Terence
  1639 | D:3      | Killed Terence
  1795 | D:3      | Found a hazy altar of Hepliaklqana.
  2187 | D:4      | Reached *** piety under Trog
  2187 | D:4      | Reached skill level 5 in Fighting
  2188 | D:4      | Found a staircase to the Ecumenical Temple.
  2225 | D:4      | Reached XP level 6. HP: 56/56 MP: 5/5
  2627 | D:4      | Reached XP level 7. HP: 43/61 MP: 6/6
  2744 | D:4      | Noticed Neverdly's ghost (novice FoFi)
  2753 | D:4      | Killed Neverdly's ghost
  2753 | D:4      | Reached skill level 5 in Armour
  2753 | D:4      | Reached skill level 1 in Stealth
  2776 | D:4      | Got a heavily runed plate armour
  2787 | D:4      | Identified the cursed +0 plate armour of Analysis {rF+ Str+3} (You found it on level 4 of the Dungeon)
  3128 | D:5      | Entered Level 5 of the Dungeon
  3532 | D:5      | Reached XP level 8. HP: 70/70 MP: 7/7
  3585 | D:5      | Noticed Menkaure
  3592 | D:5      | Killed Menkaure
  3685 | D:5      | Reached **** piety under Trog
  4475 | D:6      | Noticed Duvessa
  4475 | D:6      | Noticed Dowan
  4492 | D:6      | Killed Duvessa
  4495 | D:6      | Reached skill level 10 in Long Blades
  4510 | D:6      | Killed Dowan
  4658 | D:6      | Reached XP level 9. HP: 78/78 MP: 8/8
  4980 | D:7      | Found Uhelintu's Antique Armour Shoppe.
  5464 | D:7      | Reached skill level 1 in Maces & Flails
  5547 | D:7      | Noticed Prince Ribbit
  5552 | D:7      | Killed Prince Ribbit
  5552 | D:7      | Reached skill level 2 in Maces & Flails
  5692 | D:7      | Reached ***** piety under Trog
  5909 | D:7      | Reached skill level 3 in Maces & Flails
  5966 | D:8      | Reached skill level 4 in Maces & Flails
  6138 | D:8      | Reached skill level 5 in Maces & Flails
  6399 | D:8      | Reached skill level 6 in Maces & Flails
  6425 | D:8      | Noticed Kave's ghost (novice TrTm)
  6435 | D:8      | Killed Kave's ghost
  6435 | D:8      | Reached XP level 10. HP: 88/88 MP: 9/9
  6440 | D:8      | Reached skill level 7 in Maces & Flails
  6657 | D:8      | Noticed a manticore
  6665 | D:8      | Killed a manticore
  7249 | D:8      | Received a gift from Trog
  7388 | D:8      | Found a roughly hewn altar of Beogh.
  7653 | D:8      | Reached skill level 8 in Maces & Flails
  8002 | D:9      | Reached skill level 10 in Armour
  8026 | D:9      | Found Dekax's General Store.
  8160 | D:9      | Reached skill level 9 in Maces & Flails
  8272 | D:9      | Noticed Gastronok
  8293 | D:9      | Killed Gastronok
  8293 | D:9      | Reached skill level 10 in Maces & Flails
  8293 | D:9      | Reached XP level 11. HP: 28/97 MP: 10/10
  8806 | D:9      | Found Waewir's Magic Scroll Boutique.
  8824 | D:9      | Bought a scroll of identify for 28 gold pieces
  8824 | D:9      | Bought a scroll of identify for 28 gold pieces
  8824 | D:9      | Bought a scroll of identify for 28 gold pieces
  8824 | D:9      | Bought a scroll of identify for 28 gold pieces
  8824 | D:9      | Bought a scroll of identify for 28 gold pieces
  9090 | D:9      | Noticed a deep elf mage
  9093 | D:9      | Killed a deep elf mage
  9093 | D:9      | Reached skill level 11 in Maces & Flails
  9099 | D:9      | Noticed a deep elf mage
  9110 | D:9      | Killed a deep elf mage
  9122 | D:9      | Got a translucent hat
  9124 | D:9      | Got a brightly glowing hat
  9145 | D:9      | Identified the +0 hat of Altruism {rF+ SInv Stlth-} (You found it on level 9 of the Dungeon)
  9155 | D:9      | Identified the cursed +0 hat of the Beginning {rElec Dex+3} (You found it on level 9 of the Dungeon)
  9234 | D:9      | Noticed Maurice
  9241 | D:9      | Killed Maurice
  9241 | D:9      | Reached ****** piety under Trog
  9328 | D:9      | Found Bink's Armour Shoppe.
  9384 | D:9      | Found a staircase to the Lair.
  9470 | D:10     | Entered Level 10 of the Dungeon
  9495 | D:10     | Received a gift from Trog
  9670 | D:10     | Found a staircase to the Orcish Mines.
  9683 | D:10     | Found a bloodstained altar of Trog.
  9698 | D:10     | Noticed a wizard
  9705 | D:10     | Killed a wizard
 10142 | D:11     | Reached skill level 12 in Maces & Flails
 10162 | D:11     | Reached skill level 10 in Fighting
 10509 | D:11     | Noticed a green ugly thing
 10522 | D:11     | Killed a green ugly thing
 10760 | D:11     | Noticed a four-headed hydra
 10765 | D:11     | Killed a four-headed hydra
 10771 | D:11     | Noticed a hill giant
 10780 | D:11     | Killed a hill giant
 10814 | D:11     | Noticed a four-headed hydra
 10820 | D:11     | Killed a four-headed hydra
 10820 | D:11     | Reached XP level 12. HP: 104/108 MP: 11/11
 10944 | D:12     | Reached skill level 5 in Dodging
 11096 | D:12     | Reached skill level 13 in Maces & Flails
 11280 | D:12     | Found a labyrinth entrance.
 11289 | Lab      | Entered a labyrinth
 11979 | Lab      | Noticed a minotaur
 11984 | Lab      | Killed a minotaur
 11997 | Lab      | Got a faintly glowing iron ring
 12009 | D:12     | Received a gift from Trog
 12040 | D:12     | Got a steaming double sword {god gift}
 12041 | D:12     | Identified the +1 double sword of the Gnat {flame, +Fly Str+3} (Trog gifted it to you on level 12 of the Dungeon)
 12283 | D:12     | Gained mutation: You have sharp toenails. [mutagenic meat]
 12284 | D:12     | Gained mutation: Potions and wands are less effective at restoring your health. [mutagenic meat]
 12284 | D:12     | Lost mutation: You have sharp toenails. [potion of cure mutation]
 12284 | D:12     | Lost mutation: Potions and wands are less effective at restoring your health. [potion of cure mutation]
 12911 | D:12     | Reached skill level 14 in Maces & Flails
 12982 | D:13     | Identified the ring of Mioc {+Fly rF+ Dex+2} (You found it in a labyrinth)
 13112 | D:13     | Gained mutation: Scrolls take you a little longer to read. [mutagenic meat]
 13346 | D:13     | Noticed a vault guard
 13346 | D:13     | Noticed a vault guard
 13844 | D:13     | Reached XP level 13. HP: 118/118 MP: 12/12
 14264 | D:13     | Gained mutation: You can translocate small distances at will. [mutagenic meat]
 14265 | D:13     | Gained mutation: You are agile. (Dex +2) [mutagenic meat]
 14266 | D:13     | Gained mutation: You possess an exceptional clarity of mind. [mutagenic meat]
 14267 | D:13     | Gained mutation: You are very agile. (Dex +4) [mutagenic meat]
 14268 | D:13     | Gained mutation: You passively map a small area around you. [mutagenic meat]
 14269 | D:13     | Lost mutation: You can translocate small distances at will. [mutagenic meat]
 15831 | D:13     | Reached skill level 15 in Maces & Flails
 15833 | D:13     | Received a gift from Trog
 15848 | D:13     | Got a smoking great mace {god gift}
 15849 | D:13     | Identified the +10 great mace "Foadow" {antimagic, rPois Str+4} (Trog gifted it to you on level 13 of the Dungeon)
 15873 | D:13     | Found a gate to the Vaults.
 16086 | Orc:1    | Entered Level 1 of the Orcish Mines
 16139 | Orc:1    | You fall through a shaft!
 16139 | Orc:2    | Entered Level 2 of the Orcish Mines
 16200 | Orc:2    | Found a staircase to the Elven Halls.
 16581 | Orc:2    | Found Kibrul's Assorted Antiques.
 16611 | Orc:2    | Bought a scroll of identify for 72 gold pieces
 16611 | Orc:2    | Bought a scroll of identify for 72 gold pieces
 16715 | Orc:2    | HP: 3/123 [orc priest/divine providence (17)]
 17162 | Orc:2    | Received a gift from Trog
 17166 | Orc:2    | Reached skill level 15 in Armour
 17272 | Orc:2    | Noticed an orc warlord
 17674 | Orc:2    | Killed an orc warlord
 17674 | Orc:2    | Reached XP level 14. HP: 115/130 MP: 4/13
 17680 | Orc:2    | Reached skill level 16 in Maces & Flails
 17939 | Orc:2    | Found a roughly hewn altar of Beogh.
 18428 | Orc:2    | Noticed an orc warlord
 18441 | Orc:2    | Killed an orc warlord
 18680 | Orc:2    | Found Tuce Dit's Jewellery Shoppe.
 19160 | Orc:2    | Found Valajozi's Antique Weapon Shoppe.
 19197 | Orc:2    | Found Kiarph Cenee's General Store.
 19310 | Orc:2    | Found Efecirgh's Antique Armour Shoppe.
 19406 | Orc:1    | Received a gift from Trog
 19486 | Lair:1   | Entered Level 1 of the Lair of Beasts
 20254 | Lair:2   | Found a frozen archway.
 20270 | IceCv    | Entered an ice cave
 20901 | IceCv    | Killed from afar by an ice statue

Skill      XL: |  1  2  3  4  5  6  7  8  9 10 11 12 13 14 |
---------------+-------------------------------------------+-----
Long Blades    | 4 5 7 8 10 | 10.9
Fighting       | 4 5 6 7 9 10 12 13 14 | 14.4
Armour         | 3 4 5 7 9 10 11 13 15 | 15.5
Dodging        | 3 4 5 |  5.2
Stealth        | 1 2 |  2.8
Maces & Flails | 6 10 12 14 15 16 | 16.9
Evocations     | |  0.6

Action                   |  1- 3 |  4- 6 |  7- 9 | 10-12 | 13-15 || total
-------------------------+-------+-------+-------+-------+-------++-------
Melee: Falchion          |    84 |    99 |   157 |       |       ||   340
       Headbutt          |    10 |    26 |    70 |   129 |   147 ||   382
       Mace              |       |       |   135 |    66 |       ||   201
       Dire flail        |       |       |       |   511 |   138 ||   649
       Great mace        |       |       |       |       |   334 ||   334
       Unarmed           |       |       |       |       |    23 ||    23
Invok: Berserk           |       |     1 |     3 |     6 |     4 ||    14
       Brothers in Arms  |       |       |       |     2 |     2 ||     4
       Burn Spellbooks   |       |       |       |     3 |     2 ||     5
 Abil: Evoke Flight      |       |       |       |       |     1 ||     1
Evoke: Wand              |       |       |       |       |    13 ||    13
  Use: Scroll            |       |       |     2 |    11 |     7 ||    20
       Potion            |       |       |       |     1 |     2 ||     3
  Eat: Chunk             |     1 |     5 |    15 |    33 |    32 ||    86
       Royal jelly       |       |       |       |     1 |     1 ||     2
       Pizza             |       |       |       |     3 |       ||     3
       Beef jerky        |       |       |       |     2 |       ||     2
       Fruit             |       |       |       |       |     1 ||     1
Armor: Animal skin       |     7 |       |       |       |       ||     7
       Ring mail         |    16 |       |       |       |       ||    16
       Scale mail        |    17 |    36 |     3 |       |       ||    56
       Plate armour      |       |       |   158 |   320 |   180 ||   658
       Chain mail        |       |       |       |       |    24 ||    24
       Skin              |       |       |       |       |    24 ||    24
Dodge: Dodged            |    66 |    64 |   151 |   259 |   250 ||   790
       Rpst.: Falchion   |    14 |    19 |    19 |       |       ||    52
